 Dungeon Crawl Stone Soup version 0.30.0-5-g1a98f26d00 (webtiles) character file.

Game seed: 2579814744529305456

65 olmar the Covered (level 3, -2/33 HPs)
             Began as an Armataur Fighter on May 12, 2023.
             Slain by Sigmund
             ... wielding a +0 scythe
              (6 damage)
             ... on level 2 of the Dungeon.
             The game lasted 00:01:29 (1218 turns).

olmar the Covered (Armataur Fighter)                Turns: 1218, Time: 00:01:30

Health: -2/33      AC:  7    Str: 22    XL:     3   Next: 94%
Magic:  3/3        EV:  7    Int:  7    God:
Gold:   51         SH:  5    Dex: 13    Spells: 2/2 levels left

rFire   . . .        a - +0 flail
rCold   . . .        c - +0 buckler
rNeg    . . .        b - +0 scale mail
rPois   .            (no helmet)
rElec   .            (no cloak)
rCorr   .            (no gloves)
SInv    .            (no barding)
Will    .....        (no amulet) Stlth
                     (no ring)
HPRegen 0.25/turn    (no ring)
MPRegen 0.08/turn

%: roll
@: no status effects
A: large, rugged brown scales 3, deformed body, armoured tail, roll, long
tongue, awkward tongue, hooves 2, agile 1
a: no special abilities


You were on level 2 of the Dungeon.
You visited 1 branch of the dungeon, and saw 2 of its levels.

You collected 51 gold pieces.

Inventory:

Hand Weapons
 a - a +0 flail (weapon)
Armour
 b - a +0 scale mail (worn)
 c - a +0 buckler (worn)
Scrolls
 e - a scroll of enchant armour {unknown}
 f - a scroll of poison {unknown}
 h - a scroll of noise {unknown}
 i - a scroll of identify {unknown}
Potions
 d - a potion of might


   Skills:
 + Level 3.1 Fighting
 + Level 2.6 Maces & Flails
 + Level 4.5 Armour
 + Level 3.5 Shields


You had 2 spell levels left.
You didn't know any spells.
Your spell library was empty.

Dungeon Overview and Level Annotations

Branches:
Dungeon (2/15)

Altars:

Shops:
D:2 =

Annotations:
D:2 Sigmund


Innate Abilities, Weirdness & Mutations

You are completely covered in rugged brown scales. (AC +3, +7% HP)
Armour fits poorly on your strangely shaped body.
You have a long armoured tail.
You roll when moving toward enemies. (Rampage)
Your long tongue fully drains potion bottles. (2x potion effects)
Your tongue gives you trouble enunciating. (1.5x scroll delay)
You have hoof-like feet.
You are agile. (Dex +4, Str/Int -1)


Message History

Sigmund the Dreaded comes into view.
He is wielding a +0 scythe.
You roll towards Sigmund!
Sigmund shouts!
Sigmund gestures wildly while chanting.
Sigmund flickers and vanishes!
Deactivating autopickup; reactivate with Ctrl-A.
No target in view!
No target in view!
No target in view!
No target in view!
No target in view!
No target in view!
No target in view!
No target in view!
No target in view!
You hear some strange, mumbled words.
A puff of flame appears from out of thin air!
The puff of flame hits you!
You completely miss something. Something hits you but does no damage.
You barely miss something. You block something's attack.
You miss something. Something hits you.
You miss something.
Your tail-slap misses something.
Something hits you.
You hit something.
It was a potion of mutation.
You feel extremely strange.
You feel agile.
Your feet thicken and deform. x2
You slurp down every last drop of the potion of mutation!
You hear some strange, mumbled words.
You are confused.
Unknown command.
Something hits you. Something hits you but does no damage.
Unknown command.
Something hits you.
You're too confused to move!
Something hits you!
* * * LOW HITPOINT WARNING * * *
You closely miss something. Your kick misses something.
Your tail-slap misses something.
You feel less confused. Something hits you.
You die...

## ### .. ..# .... #. #.#
....## #.####.#### ......
#.....{...#.# .....
#....@.....# #...#
#.......#.#.# #...#
#.......# #...# ##..##).#
#
#...########..##..#.####
##.........##........?...
............###.#.###....
............##.#.........
............###.#.###....


There were no monsters in sight!

Vanquished Creatures
  3 adders (D:2)
  A dart slug (D:1)
  3 ball pythons
  2 bats
  2 endoplasms
  4 goblins
  2 hobgoblins (D:2)
  4 jackals (D:1)
  4 kobolds
  2 quokkas
  3 frilled lizards
  3 rats (D:1)
33 creatures vanquished.

Notes
Turn   | Place    | Note
-------+----------+-------------------------------------------
     0 | D:1      | olmar the Armataur Fighter began the quest for the Orb.
     0 | D:1      | Reached XP level 1. HP: 19/19 MP: 1/1
   114 | D:1      | Reached skill level 4 in Armour
   177 | D:1      | Reached XP level 2. HP: 10/26 MP: 2/2
  1001 | D:2      | Found Codd's One-of-a-Kind Rings.
  1071 | D:2      | Reached XP level 3. HP: 32/32 MP: 3/3
  1202 | D:2      | Noticed Sigmund
  1211 | D:2      | Gained mutation: You are agile. (Dex +4, Str/Int -1)
                  | [potion of mutation]
  1211 | D:2      | Gained mutation: You have large cloven feet. [potion of
                  | mutation]
  1211 | D:2      | Gained mutation: You have hoof-like feet. [potion of
                  | mutation]
  1218 | D:2      | Slain by Sigmund

Illustrated notes

Levels and vault maps discovered:
D:1:      scummos_arrival_forest, layout_basic
D:2:      layout_loops_cross, serial_shops, nicolae_shop_hallway_stairs,
          nicolae_shop_unique_rings, uniq_sigmund

Skill      XL: |  1  2  3 |
---------------+----------+-----
Armour         | 4 |  4.5
Maces & Flails | 2 |  2.6
Fighting       | 3 |  3.1
Shields        | |  3.5

Action                     || total
---------------------------++-------
  Melee: Flail             ||   116
         Tailslap          ||     7
    Use: Potion            ||     1
 Armour: Scale mail        ||    84
  Dodge: Dodged            ||    52
  Block: Buckler           ||    19
